[Event "*** Titled Tuesday 3|2 Blitz"]
[Site "Chess.com"]
[Date "2016.08.02"]
[Round "2"]
[White "brauliocuarta"]
[Black "ecwinslow"]
[Result "0-1"]
[WhiteElo "2026"]
[BlackElo "2016"]
[TimeControl "180+2"]
[EndTime "11:26:43 PDT"]
[Termination "ecwinslow won by resignation"]

1. d4 Nf6 2. c4 g6 3. Nc3 Bg7 4. e4 d6 5. f4 O-O 6. Nf3 Na6 7. Be2 e5 8. fxe5 dxe5 9. d5 Bg4 10. O-O Bxf3 11. Bxf3 Ne8 12. Be3 c5 13. dxc6 bxc6 14. Qa4 Qc8 15. Rac1 Qb7 16. Rfd1 Nec7 17. Rd7 Rad8 18.
Rcd1 Rxd7 19. Rxd7 Qxb2 20. Ne2 Rb8 21. Qxc6 Qb7 22.
Qxb7 Rxb7 23. Rd8+ Bf8 24. Bh6 Ne6 25. Rc8 Rc7 26.
Ra8 Rxc4 27. Bg4 Nac7 28. Rc8 Rxe4 29. h3 f5 30. Bf3 Ra4 31. Nc3 Ra5 32. a4 e4 33. Be2 Rc5 34. Nd1 Kf7 35. Be3 Rc2 36.
Kf1 Bc5 37. Bxc5 Rxc5 38. Ne3 Ke7 39. Bc4 Kd7 40. Rh8 h5 41. Rh6 Nf4 42. g3 Nxh3 43.
Rxg6 a5 44. Rh6 Ng5 45. Rxh5 Nce6 46. Rh8 Kd6 47. Ra8 Ke5 48. Ra6 Nd4 49. Rg6 Ngf3 50. g4 Nd2+ 51. Kf2 Nxc4 52. Nxc4+ Rxc4 53. gxf5 Kxf5 54. Rh6 Kf4 55. Rh4+ Ke5 56. Rh5+ Nf5 57. Rh8 Rc2+ 58. Ke1 Kf4 59. Re8 Ra2 60. Ra8 Rxa4 61. Rf8 Ra2 62. Re8 Ke3 63. Kd1 Nd4 64. Kc1 Kd3 65. Rd8 Rc2+ 66. Kd1 Rb2 67. Kc1 Rc2+ 68. Kd1 Rh2 69. Kc1 e3 70. Rd5 e2 71. Re5 Rh1+ 72. Kb2 e1=Q 73. Rxe1 Rxe1 74. Ka3 Rb1 75. Ka4 Kc4 76. Kxa5 Kc5 77. Ka6 0-1

[Event "*** Titled Tuesday 3|2 Blitz"]
[Site "Chess.com"]
[Date "2016.08.02"]
[Round "2"]
[White "Iball95"]
[Black "Sanan_Sjugirov"]
[Result "1-0"]
[WhiteElo "2470"]
[BlackElo "2678"]
[TimeControl "180+2"]
[EndTime "11:27:22 PDT"]
[Termination "Iball95 won on time"]

1. e4 e5 2. Nf3 Nc6 3. Nc3 Nf6 4. Bb5 Bb4 5. O-O O-O 6. d3 Bxc3 7. bxc3 d6 8. Bg5 Bd7 9. Rb1 a6 10. Ba4 b5 11. Bb3 h6 12. Bh4 Be6 13. d4 Bxb3 14. cxb3 Re8 15. d5 Nb8 16. Nd2 Nbd7 17. Qe2 Qc8 18.
Ra1 c6 19. c4 Qb7 20. dxc6 Qxc6 21. Rac1 Rec8 22. Bxf6 Nxf6 23. f3 b4 24. Rfd1 a5 25.
Nf1 a4 26. Ne3 axb3 27. axb3 g6 28. g3 Ra3 29. Rb1 Rca8 30. Kg2 Kg7 31. Nd5 Ra2 32. Rb2 Rxb2 33. Qxb2 Nxd5 34. Rxd5 Ra3 35. c5 dxc5 36. Qxe5+ Qf6 37. Rxc5 Rxb3 38. Qxf6+ Kxf6 39. Rb5 Rb2+ 40. Kf1 Ke6 41. h4 Kd6 42. Ke1 Kc6 43. Rb8 Kc5 44. Rb7 Rg2 45. g4 f6 46. Kd1 Rf2 47. Rg7 b3 48. Kc1 Kd4 49. g5 fxg5 50. hxg5 hxg5 51. Rxg6 Rg2 52. Kb1 Ke3 53. e5 Kxf3 54. e6 g4 55. e7 Re2 56. Rf6+ Kg2 57. Rf7 g3 58. Rg7 Kh2 59. Rh7+ Kg1 60. Rg7 g2 61. Kc1 Kf1 62. Rf7+ Ke1 63. Rg7 Kf1 64. Rf7+ Kg1 65. Rg7 Rc2+ 66.
Kb1 Rc8 67. Kb2 Rb8 68. Rg6 Re8 69. Rg7 Kf2 70. Rf7+ Kg3 71. Rg7+ Kf3 72. Rf7+ Ke2 73. Rg7 Kf1 74. Rf7+ Kg1 75. Rg7 Rb8 76. Rf7 Re8 77.
Rg7 Kf2 78. Rf7+ Kg3 79. Rg7+ Kf3 80. Rf7+ 1-0

[Event "*** Titled Tuesday 3|2 Blitz"]
[Site "Chess.com"]
[Date "2016.08.02"]
[Round "2"]
[White "AdrianaNikolova"]
[Black "MateusViageiro"]
[Result "1/2-1/2"]
[WhiteElo "2278"]
[BlackElo "2286"]
[TimeControl "180+2"]
[EndTime "11:27:22 PDT"]
[Termination "Game drawn by repetition"]

1. e4 c5 2. Nf3 d6 3. d4 cxd4 4.
Nxd4 Nf6 5. Nc3 a6 6. Bg5 e6 7.
f4 Be7 8. Qf3 Qc7 9. O-O-O Nbd7 10. g4 b5 11. Bxf6 Nxf6 12. g5 Nd7 13. f5 Bxg5+ 14. Kb1 Ne5 15. Qh5 Qd8 16. Nxe6 Bxe6 17. fxe6 g6 18. exf7+ Kxf7 19. Qe2 Kg7 20. h4 Bxh4 21. Bh3 Rf8 22. Nd5 Ra7 23. Be6 Rf2 24. Qe3 Ra8 25. Qh3 g5 26. Ne3 Qc7 27. Nf5+ Kh8 28.
Bb3 Nc4 29. Qc3+ Kg8 30. Bxc4+ bxc4 31. Qf6 Rxf5 32. exf5 Rf8 33. Qe6+ Qf7 34. Rxd6 Bg3 35. Rxa6 c3 36. Ra7 Qxe6 37. fxe6 cxb2 38. Raxh7 Be5 39. R7h5 Bf6 40. Re1 Re8 41. Rh6 Kg7 42. Rh3 Kg6 43.
Rg3 Kf5 44. Rf3+ Kg6 45. a4 Ra8 46. Re4 Rd8 47. Rf1 Re8 48. e7 Rxe7 49. Rxe7 Bxe7 50.
Kxb2 g4 51. Re1 Bf6+ 52. Kb3 Kf5 53. a5 Bd4 54. Rd1 Bf2 55. a6 g3 56. Rd5+ Kf4 57.
Rd8 g2 58. Rf8+ Kg3 59. Rg8+ Kf3 60. Rf8+ Ke2 61. Rxf2+ Kxf2 62. a7 g1=Q 63. a8=Q Qb1+ 64. Kc3 Qe1+ 65. Kb2 Qe5+ 66. c3 Qb5+ 67. Ka3 Qc5+ 68. Kb3 Qb5+ 69. Kc2 Qe2+ 70. Kb1 Qb5+ 71. Ka1 Qf1+ 72.
Ka2 Qc4+ 73. Kb2 Qb5+ 74. Kc1 Qf1+ 75. Kc2 Qe2+ 76. Kb1 Qb5+ 77. Ka1 Qf1+ 78. Kb2 Qb5+ 79. Ka3 Qc5+ 80. Kb3 Qb5+ 81. Ka2 Qc4+ 82. Kb2 Qb5+ 83.
Kc1 Qf1+ 84. Kc2 Qe2+ 1/2-1/2

[Event "*** Titled Tuesday 3|2 Blitz"]
[Site "Chess.com"]
[Date "2016.08.02"]
[Round "2"]
[White "Dr-Bassem"]
[Black "danir29"]
[Result "1-0"]
[WhiteElo "2625"]
[BlackElo "2465"]
[TimeControl "180+2"]
[EndTime "11:27:51 PDT"]
[Termination "Dr-Bassem won by resignation"]

1. e4 e5 2. Nf3 Nc6 3. Bb5 a6 4. Ba4 Nf6 5. Qe2 b5 6. Bb3 Be7 7. a4 b4 8. d4 d6 9. Qc4 Kd7 10. Qxf7 Qe8 11. Qxe8+ Rxe8 12. dxe5 dxe5 13. Nbd2 Bd6 14.
O-O Ke7 15. h3 Be6 16. Bxe6 Kxe6 17. Re1 Rad8 18. Nc4 Bc5 19. Bg5 Nd4 20. Bxf6 gxf6 21. Nxd4+ Rxd4 22. b3 Red8 23. Kf1 h5 24. f3 Ba7 25.
Ke2 f5 26. exf5+ Kxf5 27. Kf1 e4 28. fxe4+ Rxe4 29. Rxe4 Kxe4 30. Re1+ Kf4 31. Re7 Bb6 32. a5 Bd4 33. Rxc7 Kg3 34. Rf7 Re8 35. Rf3+ Kh2 36. g4 hxg4 37. hxg4 Rg8 38. Rf4 Bc3 39. Ne3 Kg3 40.
Rf7 Rg5 41. Rf5 Rg8 42. Ke2 Rd8 43. g5 Rd2+ 44. Kf1 Bd4 45. g6 Bc3 46. g7 Bxg7 47.
Nc4 Rd7 48. Ke2 Bc3 49. Ke3 Re7+ 50. Kd3 Rd7+ 51. Ke4 Kg4 52. Rf4+ Kg3 53. Rf8 Rd4+ 54. Ke3 Rd1 55. Rg8+ Kh4 56. Rg6 Re1+ 57. Kf3 Rf1+ 58. Ke4 Re1+ 59. Kd5 Rc1 60. Ne3 Bd2 61. Nf5+ Kh5 62.
Rxa6 Rxc2 63. Nd4 Rb2 64. Ra8 Bc3 65. a6 Rd2 66. Rh8+ Kg4 67. a7 Bxd4 68. Rg8+ Bg7+ 69. Kc4 Ra2 70. a8=Q Rxa8 71. Rxa8 Bc3 72. Rb8 Kf5 73.
Rxb4 Be1 74. Rb6 Ke5 75. Rc6 Bf2 76. b4 Bg1 77. b5 Bf2 78. b6 Bg1 79. b7 Ba7 80.
Rc8 Kd6 81. Kb5 Kd7 82. Ka6 Bb8 83. Rxb8 1-0

[Event "*** Titled Tuesday 3|2 Blitz"]
[Site "Chess.com"]
[Date "2016.08.02"]
[Round "2"]
[White "Yaacovn"]
[Black "chipmunknau"]
[Result "1-0"]
[WhiteElo "2617"]
[BlackElo "2428"]
[TimeControl "180+2"]
[EndTime "11:28:29 PDT"]
[Termination "Yaacovn won on time"]

1. d4 d6 2. Nf3 g6 3. e3 Bg7 4. Be2 Nf6 5. O-O O-O 6. b3 c5 7.
Bb2 cxd4 8. Nxd4 Nc6 9. c4 Nxd4 10. Bxd4 Bd7 11. Nd2 Qa5 12. Qc2 Rfc8 13. Qb2 a6 14. Bf3 Bc6 15. Rfd1 Rab8 16. Rac1 Bxf3 17. Nxf3 Nh5 18. Bxg7 Nxg7 19. Rd5 Qc7 20. Qd2 Ne8 21. Rd4 Nf6 22. h3 Qc5 23. b4 Qc6 24. Qb2 Qb6 25.
Rdd1 a5 26. a3 axb4 27. axb4 Ra8 28. Qb3 Qa7 29. c5 dxc5 30. bxc5 Rxc5 31. Rxc5 Qxc5 32.
Qxb7 Re8 33. Nd4 Rd8 34. Ra1 Qe5 35. Rc1 Rd7 36. Qb2 Kg7 37. Qa3 Ne4 38. Qb2 Qf6 39. Rc6 Rd6 40. Rc1 Rb6 41. Qe2 Qe5 42. Qc2 Rf6 43.
Nf3 Qf5 44. Qb2 h6 45. Rf1 Qc5 46. Nd4 Qe5 47. Qe2 Qd5 48. Qb2 Qe5 49. Qb7 Nd6 50. Qd7 Nf5 51. Nf3 Qd6 52. Qa7 Qe6 53.
Qa1 Nd6 54. Nd4 Qe5 55. Qb2 Ne4 56. Qc2 Nd6 57. Nf3 Qf5 58. Qb2 Qe4 59. Rd1 Qa4 60. Rd4 Qb5 61. Rb4 Qd5 62. Nd4 Qe5 63.
Qe2 Ne4 64. Nf3 Qd5 65. Rd4 Qc6 66. Qb2 Nd6 67. Rf4 Qb5 68. Qd4 Nf5 69. Qa1 Kg8 70.
g4 Nd6 71. Rxf6 exf6 72. Qxf6 Qb1+ 73. Kg2 Qb4 74. Nd4 Qb7+ 75. Kh2 Qd5 76. Qf4 Kg7 77. Kg1 Ne4 78. Qf3 Qe5 79. Kg2 Ng5 80. Qb7 Qf6 81. Nf3 Nxf3 82. Qxf3 Qe5 83. Qf4 Qd5+ 84. Qf3 Qe5 85.
h4 Qe7 86. Kh3 Qd6 87. Qf4 Qc6 88. Kh2 Qc2 89. e4 Qc4 90. Kg3 Qd3+ 91. Qf3 1-0

[Event "*** Titled Tuesday 3|2 Blitz"]
[Site "Chess.com"]
[Date "2016.08.02"]
[Round "3"]
[White "jup1978"]
[Black "ZEN-22"]
[Result "1-0"]
[WhiteElo "2171"]
[BlackElo "2289"]
[TimeControl "180+2"]
[EndTime "11:30:07 PDT"]
[Termination "jup1978 won by checkmate"]

1. e4 e5 2. Nf3 Nc6 3. Bb5 f5 4. d3 Nf6 5. O-O d6 6. d4 fxe4 7. dxe5 exf3 8. exf6 fxg2 9. Re1+ Kf7 10. fxg7 Bxg7 11.
Bc4+ Kf8 12. Qh5 Bd7 13. Qf7# 1-0

[Event "*** Titled Tuesday 3|2 Blitz"]
[Site "Chess.com"]
[Date "2016.08.02"]
[Round "3"]
[White "MMSANCHEZ"]
[Black "Nadtkins"]
[Result "0-1"]
[WhiteElo "2278"]
[BlackElo "2458"]
[TimeControl "180+2"]
[EndTime "11:31:26 PDT"]
[Termination "Nadtkins won by resignation"]

1. d4 d6 2. Nf3 Nf6 3. c4 g6 4.
Nc3 Bf5 5. Nh4 Bd7 6. e4 e5 7. d5 Bg7 8. Nf3 a5 9. Be2 Na6 10. h3 Nc5 11. Qc2 O-O 12. Be3 b6 13. O-O-O a4 14.
Nd2 c6 15. Kb1 cxd5 16. cxd5 Qb8 17. Nb5 Rc8 18. f3 Ncxe4 19. Qd3 Ng3 20. Rhe1 Bf5 21. Ne4 0-1

[Event "*** Titled Tuesday 3|2 Blitz"]
[Site "Chess.com"]
[Date "2016.08.02"]
[Round "3"]
[White "TyIerDurden"]
[Black "Evgeny_Levin"]
[Result "1/2-1/2"]
[WhiteElo "2472"]
[BlackElo "2648"]
[TimeControl "180+2"]
[EndTime "11:32:16 PDT"]
[Termination "Game drawn by agreement"]

1. Nf3 Nf6 2. g3 g6 3. Bg2 Bg7 4. O-O O-O 5. c4 d6 6. Nc3 Nc6 7. d4 Rb8 8. e4 Bg4 9. h3 Bxf3 10. Bxf3 e5 11. dxe5 dxe5 12. Be3 Nd4 13. Bg2 c6 14. Ne2 Re8 15. Nxd4 exd4 16. Bxd4 Nxe4 17. Bxg7 Kxg7 18. Re1 Qxd1 19. Raxd1 Nf6 20. Rxe8 Rxe8 21. Kf1 a5 22. Re1 Rxe1+ 23. Kxe1 Nd7 24. Kd2 Kf6 25. Ke3 Ke5 26. a3 1/2-1/2

[Event "*** Titled Tuesday 3|2 Blitz"]
[Site "Chess.com"]
[Date "2016.08.02"]
[Round "3"]
[White "fpawn"]
[Black "macko06"]
[Result "0-1"]
[WhiteElo "2223"]
[BlackElo "2105"]
[TimeControl "180+2"]
[EndTime "11:32:30 PDT"]
[Termination "macko06 won by resignation"]

1. e4 e6 2. d4 d5 3. Nc3 Bb4 4.
e5 c5 5. a3 Bxc3+ 6. bxc3 Ne7 7. Qg4 Qc7 8. Qxg7 Rg8 9. Qxh7 cxd4 10. Ne2 dxc3 11. f4 Nbc6 12. Qd3 Bd7 13. Qxc3 O-O-O 14. Rb1 Nf5 15. Rg1 d4 16. Qc5 b6 17. Qc4 Nce7 18.
g4 Qxc4 0-1

[Event "*** Titled Tuesday 3|2 Blitz"]
[Site "Chess.com"]
[Date "2016.08.02"]
[Round "3"]
[White "Sven_Tica"]
[Black "wnstop"]
[Result "0-1"]
[WhiteElo "2416"]
[BlackElo "2465"]
[TimeControl "180+2"]
[EndTime "11:32:48 PDT"]
[Termination "wnstop won by resignation"]

1. d4 Nf6 2. c4 g6 3. Nc3 Bg7 4. Bf4 O-O 5. e3 d6 6. h3 c5 7. Nf3 Qa5 8. Nd2 Nc6 9. Nb3 Qb6 10. Nb5 cxd4 11. exd4 e5 12. dxe5 dxe5 13. Be3 Qd8 14.
Bc5 Re8 15. Be2 Ne4 16. O-O Nxc5 17. Nxc5 Nd4 18. Nxd4 exd4 19. Bf3 Qc7 20. Nb3 Qxc4 21. Rc1 Qb4 22. a3 Qb6 23. Qd2 Qxb3 0-1

[Event "*** Titled Tuesday 3|2 Blitz"]
[Site "Chess.com"]
[Date "2016.08.02"]
[Round "3"]
[White "rithwik2002"]
[Black "Wolverine_master"]
[Result "1-0"]
[WhiteElo "1917"]
[BlackElo "2010"]
[TimeControl "180+2"]
[EndTime "11:33:00 PDT"]
[Termination "rithwik2002 won by checkmate"]

1. d4 Nf6 2. c4 e6 3. Nf3 d5 4. Nc3 Be7 5. Bf4 O-O 6. e3 c6 7. h3 dxc4 8. Bxc4 b5 9. Bd3 Bb7 10.
Ne5 a6 11. Qf3 Qc8 12. Ne4 Nbd7 13. O-O c5 14. Rac1 Nxe5 15. dxe5 Nd5 16. Qh5 Nxf4 17. Nf6+ Bxf6 18. Qxh7# 1-0

[Event "*** Titled Tuesday 3|2 Blitz"]
[Site "Chess.com"]
[Date "2016.08.02"]
[Round "3"]
[White "Superfelix"]
[Black "workhard91"]
[Result "0-1"]
[WhiteElo "2361"]
[BlackElo "2377"]
[TimeControl "180+2"]
[EndTime "11:34:12 PDT"]
[Termination "workhard91 won by resignation"]

1. e4 c5 2. Nf3 Nc6 3. Bb5 d6 4. O-O Bd7 5. Re1 Nf6 6. c3 a6 7. Bc4 b5 8. Bf1 e5 9. a4 Rb8 10. d4 Bg4 11. dxc5 dxc5 12. Qxd8+ Kxd8 13. axb5 axb5 14. Ra6 Bxf3 15. gxf3 Kc7 16. Be3 Bd6 17. Na3 c4 18. Nc2 Ra8 19. Rea1 Rxa6 20. Rxa6 Rb8 21.
Bg5 Nd7 22. Ne3 Nc5 23. Nd5+ Kd7 24. Be3 Nxa6 0-1

[Event "*** Titled Tuesday 3|2 Blitz"]
[Site "Chess.com"]
[Date "2016.08.02"]
[Round "3"]
[White "Tesla37"]
[Black "NTBT_DHS"]
[Result "1-0"]
[WhiteElo "2707"]
[BlackElo "2480"]
[TimeControl "180+2"]
[EndTime "11:34:15 PDT"]
[Termination "Tesla37 won by resignation"]

1. e4 g6 2. d4 Bg7 3. Nc3 d6 4.
Be3 a6 5. h4 Nf6 6. f3 Nbd7 7.
Qd2 h6 8. O-O-O b5 9. Kb1 Bb7 10. g4 Rc8 11. Nh3 Nb6 12. g5 hxg5 13. hxg5 Nfd7 14.
Qf2 c5 15. dxc5 Nxc5 16. Bd4 Bxd4 17. Qxd4 Rh5 18. Be2 Ne6 19. Qe3 b4 20. Nd5 Nxd5 21. exd5 Nc5 22. Nf4 Rxh1 23. Rxh1 Qc7 24. Bc4 Kd7 25. Rh7 Ne4 26. Bb3 Nxg5 27. Ba4+ 1-0

[Event "*** Titled Tuesday 3|2 Blitz"]
[Site "Chess.com"]
[Date "2016.08.02"]
[Round "3"]
[White "awb2001"]
[Black "Makalexa"]
[Result "1-0"]
[WhiteElo "2324"]
[BlackElo "2133"]
[TimeControl "180+2"]
[EndTime "11:34:49 PDT"]
[Termination "awb2001 won on time"]

1. e4 e5 2. Nf3 Nc6 3. d4 exd4 4. Nxd4 Bc5 5. Be3 Qf6 6. c3 Nge7 7. Bc4 O-O 8. O-O b6 9. Qd2 d5 10. Nxc6 Qxc6 11. Bxd5 Nxd5 12. exd5 Qg6 13. Bxc5 bxc5 14. Qe3 Bf5 15. Re1 c4 16. Nd2 Bd3 17. Nf3 Rae8 18.
Qxe8 h6 19. Qe7 Rb8 20. Ne5 Qf5 21. b3 f6 22. Qf7+ 1-0

[Event "*** Titled Tuesday 3|2 Blitz"]
[Site "Chess.com"]
[Date "2016.08.02"]
[Round "3"]
[White "psv98"]
[Black "StellarChessPro"]
[Result "1-0"]
[WhiteElo "2599"]
[BlackElo "2350"]
[TimeControl "180+2"]
[EndTime "11:35:02 PDT"]
[Termination "psv98 won by resignation"]

1. Nf3 d5 2. g3 c6 3. Bg2 Nf6 4.
c4 Nbd7 5. O-O e6 6. Qc2 Bd6 7. d4 O-O 8. Nbd2 b6 9. e4 dxe4 10. Nxe4 Nxe4 11. Qxe4 Bb7 12. Rd1 h6 13. Bf4 Qc7 14.
Bxd6 Qxd6 15. Ne5 Rac8 16. c5 Qc7 17. Nxd7 Qxd7 18. b4 Rfd8 19. Bf3 Ba6 20. Rac1 Bb5 21. Kg2 Qd5 22. Qc2 Qd7 23. a4 Ba6 24. h4 Qe7 25.
Qe4 Rd5 26. Qe3 Rdd8 27. Qe5 f6 28. Qe3 e5 29. dxe5 fxe5 30. Rxd8+ Rxd8 31. cxb6 Rd3 32. bxa7 Qf8 33. Qxd3 Bxd3 34. Bxc6 Kh7 35. a8=Q 1-0

[Event "*** Titled Tuesday 3|2 Blitz"]
[Site "Chess.com"]
[Date "2016.08.02"]
[Round "3"]
[White "DanielNaroditsky"]
[Black "AnastasiaProtopopova"]
[Result "1-0"]
[WhiteElo "2660"]
[BlackElo "1952"]
[TimeControl "180+2"]
[EndTime "11:35:19 PDT"]
[Termination "DanielNaroditsky won by resignation"]

1. d4 Nf6 2. c3 d5 3. Bf4 Bf5 4. Qb3 Qc8 5. e3 e6 6. Nd2 Be7 7. Ngf3 O-O 8. h3 h6 9. Be2 c5 10. g4 Bh7 11. g5 hxg5 12. Nxg5 Bg6 13. h4 Nh5 14. Bh2 Nd7 15. Qd1 Ndf6 16. Ndf3 cxd4 17. exd4 b5 18. Ne5 b4 19. Nxg6 fxg6 20. Qd3 bxc3 21.
bxc3 Qc6 22. Rg1 Ne4 23. Nxe4 dxe4 24. Qc4 Qxc4 25. Bxc4 Kf7 26. Be5 Rac8 27. Bb3 Nf6 28. c4 Nd7 29. Bg3 Bf6 30. Rd1 Nb6 31. c5 Nd5 32. Ke2 Nc3+ 33. Ke3 Nxd1+ 34. Rxd1 Rfd8 35. Kxe4 a5 36. Bd6 Rd7 37. d5 exd5+ 38. Bxd5+ Ke8 39. Be6 Rcd8 40. Bxd7+ Kxd7 41. Kd5 Re8 42. c6+ Kc8 43.
Rb1 1-0

[Event "*** Titled Tuesday 3|2 Blitz"]
[Site "Chess.com"]
[Date "2016.08.02"]
[Round "3"]
[White "dretch"]
[Black "ftorodent"]
[Result "1-0"]
[WhiteElo "2622"]
[BlackElo "2435"]
[TimeControl "180+2"]
[EndTime "11:35:26 PDT"]
[Termination "dretch won by resignation"]

1. d4 d5 2. c4 e6 3. Nc3 Be7 4. cxd5 exd5 5. Bf4 c6 6. e3 Bd6 7. Bxd6 Qxd6 8. Bd3 Ne7 9. Nf3 Bf5 10. Bxf5 Nxf5 11.
O-O O-O 12. e4 dxe4 13. Nxe4 Qb4 14. Qc2 Nd7 15. a3 Qa5 16. b4 Qd5 17. Nc3 Qe6 18.
d5 cxd5 19. Rfe1 Qg6 20. Nxd5 Kh8 21. Qc7 Nb6 22. Ne5 Qe6 23. Nxb6 axb6 24. Nd7 Rfc8 25. Qxb7 Nd6 26. Qxa8 Qxe1+ 27. Rxe1 Rxa8 28. Nxb6 1-0

[Event "*** Titled Tuesday 3|2 Blitz"]
[Site "Chess.com"]
[Date "2016.08.02"]
[Round "3"]
[White "cabalista"]
[Black "Keranke"]
[Result "1-0"]
[WhiteElo "2343"]
[BlackElo "2605"]
[TimeControl "180+2"]
[EndTime "11:35:26 PDT"]
[Termination "cabalista won by resignation"]

1. e4 g6 2. d4 Bg7 3. Nf3 d6 4. Bc4 Nf6 5. Qe2 O-O 6. O-O Nc6 7. e5 dxe5 8. dxe5 Nd5 9. Rd1 e6 10. Nc3 Nxc3 11. bxc3 Qe7 12. a4 Rd8 13. Rxd8+ Qxd8 14. Bg5 Qf8 15. Qe4 Bd7 16. Rd1 Be8 17. h4 Na5 18. Bb5 Bxb5 19. axb5 Qc5 20. h5 Qxb5 21. h6 Bf8 22.
Nh2 Qc4 23. Qf3 Qc6 24. Qf4 Qc4 25. Rd4 Qb5 26. Ng4 c5 27. Rd7 1-0

[Event "*** Titled Tuesday 3|2 Blitz"]
[Site "Chess.com"]
[Date "2016.08.02"]
[Round "3"]
[White "MateusViageiro"]
[Black "MFBerna"]
[Result "0-1"]
[WhiteElo "2275"]
[BlackElo "2150"]
[TimeControl "180+2"]
[EndTime "11:35:27 PDT"]
[Termination "MFBerna won by resignation"]

1. e4 c6 2. d4 d5 3. Nc3 dxe4 4. Nxe4 Bf5 5. Ng3 Bg6 6. Nf3 Nd7 7. h4 h6 8. h5 Bh7 9. Bd3 Bxd3 10. Qxd3 e6 11.
Bd2 Ngf6 12. O-O-O Bd6 13. Kb1 Qc7 14. Ne4 Nxe4 15.
Qxe4 Nf6 16. Qe2 O-O-O 17. c4 c5 18. Bc3 cxd4 19. Nxd4 a6 20. g4 Kb8 21. f3 Bf4 22. Nb3 Rc8 23. c5 Rhd8 24. Rxd8 Qxd8 25. Rd1 Qc7 26.
Qd3 Qc6 27. Qe2 Ka7 28. Na5 Qb5 29. Qe1 Nd5 30. Bxg7 Ne3 31. Rd4 Rc7 32. Rxf4 Qd3+ 0-1

[Event "*** Titled Tuesday 3|2 Blitz"]
[Site "Chess.com"]
[Date "2016.08.02"]
[Round "3"]
[White "CroatianPower"]
[Black "RamonManon0g"]
[Result "1-0"]
[WhiteElo "2428"]
[BlackElo "2230"]
[TimeControl "180+2"]
[EndTime "11:35:29 PDT"]
[Termination "CroatianPower won by resignation"]

1. d4 Nf6 2. c4 g6 3. f3 Bg7 4. e4 d6 5. Nc3 O-O 6. Bg5 Nbd7 7. Qd2 c5 8. d5 Qa5 9. Nge2 Ne5 10. Nc1 Bd7 11.
Be2 Qb4 12. a3 Qa5 13. f4 Neg4 14. h3 Nh6 15. f5 Nxf5 16. exf5 Bxf5 17. O-O b5 18.
cxb5 a6 19. bxa6 Rab8 20. Bc4 h6 21. Be3 Qb6 22. g4 Bd7 23. Nd3 g5 24. Rae1 Rfe8 25. b4 Qc7 26. b5 Qa5 27. Ne4 Qxa3 28. Nxf6+ Bxf6 29. h4 Bc3 30. Qc1 Qa5 31. Re2 f6 32. Ra2 1-0

[Event "*** Titled Tuesday 3|2 Blitz"]
[Site "Chess.com"]
[Date "2016.08.02"]
[Round "3"]
[White "LaStreetCmaMaison"]
[Black "GMKrikor"]
[Result "1-0"]
[WhiteElo "2497"]
[BlackElo "2486"]
[TimeControl "180+2"]
[EndTime "11:35:41 PDT"]
[Termination "LaStreetCmaMaison won by resignation"]

1. Nf3 d5 2. g3 g6 3. Bg2 Bg7 4. d4 Nf6 5. O-O O-O 6. b3 c5 7.
Bb2 Ne4 8. Nbd2 Nc6 9. c3 Bf5 10.
e3 Rc8 11. Re1 Nxd2 12. Qxd2 Be4 13. dxc5 e6 14. Rad1 a5 15. c4 Bxb2 16. Qxb2 Qe7 17. cxd5 exd5 18. Nd2 Bxg2 19. Kxg2 Qxc5 20. Nf3 Rfe8 21. h4 h5 22. Rd2 Nb4 23. Red1 Qc3 24. a3 Qxb2 25. Rxb2 Nc2 26. Rxd5 Rxe3 27. Rxa5 Rec3 28.
Rb5 R8c7 29. a4 Rd3 30. Rxc2 Rxc2 31. Ne1 1-0

[Event "*** Titled Tuesday 3|2 Blitz"]
[Site "Chess.com"]
[Date "2016.08.02"]
[Round "3"]
[White "AdrianaNikolova"]
[Black "MaestroASK"]
[Result "0-1"]
[WhiteElo "2273"]
[BlackElo "2486"]
[TimeControl "180+2"]
[EndTime "11:36:17 PDT"]
[Termination "MaestroASK won on time"]

1. e4 d6 2. d4 g6 3. Nc3 c6 4. Be3 e5 5. Nge2 Bg7 6. h3 Nd7 7. g4 Ngf6 8. Bg2 h5 9. g5 Nh7 10. h4 O-O 11. Qd2 Qe7 12. O-O-O Re8 13. f4 exf4 14.
Bxf4 Nb6 15. b3 Nf8 16. Rhf1 Bg4 17. Rde1 Rad8 18. Ng3 Ne6 19. Be3 d5 20. e5 Qa3+ 21. Kb1 a5 22. Qc1 Qb4 23. Qd2 a4 24. Nce2 Qb5 25. Ka1 Ra8 26. Nc1 axb3 27. cxb3 Bf8 28. Qf2 Nd8 29. Bd2 Ba3 30. Bc3 Re7 31. Qc2 Ne6 32. Rf2 Bb4 33. Bf1 Qa5 34. Bxb4 Qxb4 35. Bd3 Qxe1 36. Bxg6 Nxd4 37. Bh7+ Kh8 38. Qd3 Qxc1+ 0-1

[Event "*** Titled Tuesday 3|2 Blitz"]
[Site "Chess.com"]
[Date "2016.08.02"]
[Round "3"]
[White "GeorgMeier"]
[Black "Blitzstream"]
[Result "1-0"]
[WhiteElo "2700"]
[BlackElo "2467"]
[TimeControl "180+2"]
[EndTime "11:36:19 PDT"]
[Termination "GeorgMeier won on time"]

1. Nf3 Nf6 2. g3 d5 3. Bg2 g6 4. O-O Bg7 5. d4 O-O 6. c4 c6 7. cxd5 cxd5 8. Nc3 Nc6 9. Ne5 Bf5 10. Be3 Ne4 11.
Nxe4 Bxe4 12. Nxc6 bxc6 13. Bxe4 dxe4 14. Qa4 Qd7 15. Rfc1 Rfc8 16. Rc4 Rab8 17. b3 Rb5 18. Rac1 Rh5 19. h4 Qg4 20. Rxc6 Rf8 21. Kf1 h6 22.
Rc7 g5 23. Qd7 e6 24. Ke1 gxh4 25. gxh4 Rxh4 26. Kd2 Rh5 27. R1c5 Rxc5 28. dxc5 Qh4 29. Rc8 Qf6 30. Rxf8+ Bxf8 31. Qd4 Qf5 32. b4 a5 33. bxa5 Bg7 34. Qc4 Qe5 35. a6 Qb2+ 36. Kd1 Qb1+ 37. Bc1 Qb8 38. c6 1-0

[Event "*** Titled Tuesday 3|2 Blitz"]
[Site "Chess.com"]
[Date "2016.08.02"]
[Round "3"]
[White "VennyIce"]
[Black "Saitama_Hero"]
[Result "1/2-1/2"]
[WhiteElo "1886"]
[BlackElo "2200"]
[TimeControl "180+2"]
[EndTime "11:36:21 PDT"]
[Termination "Game drawn by repetition"]

1. e4 c5 2. Nf3 Nc6 3. Bb5 g6 4. Bxc6 dxc6 5. O-O Bg7 6. d3 Nf6 7. Be3 Nd7 8. Qc1 h6 9. Rd1 e5 10. a4 Qe7 11. Na3 b6 12. Nc4 Nf8 13. Bd2 Bg4 14.
Bc3 Bxf3 15. gxf3 Nd7 16. f4 O-O 17. fxe5 Nxe5 18. Nxe5 Bxe5 19. Bxe5 Qxe5 20. Rb1 Kh7 21. Qe3 f5 22. Rf1 f4 23. Qh3 Rae8 24. f3 Qd4+ 25. Kh1 Re5 26. Qg2 Rg5 27. Qf2 Qe5 28. Rg1 Rxg1+ 29. Qxg1 h5 30. Qg2 g5 31. Qd2 g4 32.
fxg4 hxg4 33. c3 Rf6 34. Rg1 g3 35. hxg3 Rh6+ 36. Kg2 Qh5 37. Qf2 Qh3+ 38. Kf3 Qh5+ 39. Kg2 Qh3+ 40. Kf3 Qh5+ 41. Kg2 Qh3+ 1/2-1/2

[Event "*** Titled Tuesday 3|2 Blitz"]
[Site "Chess.com"]
[Date "2016.08.02"]
[Round "3"]
[White "Hieronymus00"]
[Black "Tash_Boy"]
[Result "0-1"]
[WhiteElo "2126"]
[BlackElo "2293"]
[TimeControl "180+2"]
[EndTime "11:36:25 PDT"]
[Termination "Tash_Boy won by resignation"]

1. e4 e6 2. d4 d5 3. Nc3 Bb4 4. a3 Bxc3+ 5. bxc3 c5 6. e5 Qa5 7. Bd2 Qa4 8. Nf3 b6 9. Bd3 Ba6 10. O-O Ne7 11. Bxa6 Nxa6 12. Re1 Rc8 13. Bg5 Nf5 14. g4 Ne7 15. Bxe7 Kxe7 16. Qd2 h6 17. g5 cxd4 18.
Nxd4 Nc5 19. f3 hxg5 20. Qxg5+ Kf8 21. Re2 Rh6 22. Kh1 Kg8 23. Qf4 Nd7 24. Rg1 Rh7 25.
Reg2 Nf8 26. Qf6 g6 27. Nxe6 Qh4 28. Rxg6+ fxg6 29. Rxg6+ Nxg6 30. Qxg6+ Kh8 0-1

[Event "*** Titled Tuesday 3|2 Blitz"]
[Site "Chess.com"]
[Date "2016.08.02"]
[Round "3"]
[White "calemcc"]
[Black "Haridaskesavan"]
[Result "1-0"]
[WhiteElo "2133"]
[BlackElo "2109"]
[TimeControl "180+2"]
[EndTime "11:36:31 PDT"]
[Termination "calemcc won on time"]

1. d4 Nf6 2. c4 d6 3. Nc3 Nbd7 4. Nf3 e5 5. e3 Be7 6. Be2 O-O 7. b3 Re8 8. Bb2 c6 9. Qc2 Bf8 10. dxe5 dxe5 11. O-O Qc7 12. Ne4 Nxe4 13. Qxe4 f6 14. Bd3 g6 15. Bc2 Nc5 16. Qh4 Bg7 17. Rad1 Be6 18.
Rd2 Rad8 19. Rfd1 Rxd2 20. Rxd2 Bf7 21. h3 Ne6 22. Kf1 Rd8 23. Ke1 Rxd2 24. Nxd2 Qa5 25.
a3 Qc7 26. Ne4 Qe7 27. Bxe5 Qxa3 28. Bxf6 Qc1+ 29. Bd1 1-0

[Event "*** Titled Tuesday 3|2 Blitz"]
[Site "Chess.com"]
[Date "2016.08.02"]
[Round "3"]
[White "FearlessKing64"]
[Black "Fawolizzo"]
[Result "1-0"]
[WhiteElo "2052"]
[BlackElo "2020"]
[TimeControl "180+2"]
[EndTime "11:36:34 PDT"]
[Termination "FearlessKing64 won on time"]

1. e4 c5 2. Nf3 d6 3. d4 cxd4 4. Nxd4 Nf6 5. f3 a6 6. c4 h5 7.
Be3 Nc6 8. Qd2 e6 9. Nc3 Be7 10. Rc1 Bd7 11. Be2 Rc8 12. O-O O-O 13. Rfd1 Ne5 14. b3 Qe8 15. Bf1 Rb8 16. h3 b5 17.
f4 Ng6 18. cxb5 axb5 19. Bd3 b4 20. Nce2 d5 21. e5 Ne4 22. Bxe4 dxe4 23. Ng3 f5 24.
exf6 Bxf6 25. Nxe4 Bxd4 26. Qxd4 Bc6 27. Nd6 Qd7 28.
Qc5 Bd5 29. Rxd5 exd5 30. Qxd5+ Rf7 31. Rd1 Rd8 32. Qxh5 1-0